Map: Snowbound Colony

Players

Faust - Winner!

  • Race: Zerg Zerg
  • League: Diamond
  • Spawn Location: 12:00

Throwfordays - Winner!

  • Race: Protoss Protoss
  • League: Silver
  • Spawn Location: 1:00

Cthulhu - Winner!

  • Race: Protoss Protoss
  • Spawn Location: 1:00

Next

  • Race: Terran Terran
  • Spawn Location: 7:00

PAT

  • Race: Protoss Protoss
  • Spawn Location: 6:00

rehti

  • Race: Zerg Zerg
  • League: Platinum
  • Spawn Location: 7:00

VOD

Have the link to the VOD?

Description

Time

  • Played on: April 10, 2019, 10:21 p.m.
  • Length: 17:12
Show
View Real Time Build Order
Export as new Build Order

Faust Zerg - Winner!

Build Orders: Hatch First 

Get SALT Encoding   

  12  0:03  Drone  
  13  0:09  Drone  
  14  0:17  Extractor  
  14  0:18  Drone  
  15  0:23  Overlord  
  15  0:42  Drone  
  16  0:43  Drone  
  17  0:56  Hatchery  
  16  0:59  Drone  
  17  1:08  Drone  
  17  1:10  Drone  
  19  1:13  Extractor  
  18  1:27  Spawning Pool  
  18  1:29  Overlord  
  17  1:33  Drone  
  18  1:40  Drone  
  19  2:00  Drone  
  20  2:01  Drone  
  21  2:15  Queen x2  
  25  2:17  Drone x2  
  25  2:20  Metabolic Boost  
  27  2:23  Drone  
  27  2:24  Drone  
  29  2:30  Overlord  
  29  2:39  Zergling x2  
  30  2:45  Baneling Nest  
  30  2:46  Drone  
  30  2:49  Drone  
  31  2:51  Drone  
  31  2:57  Zergling x2  
  33  3:04  Zergling x2  
  34  3:08  Queen  
  34  3:09  Queen  
  38  3:13  Zergling x4  
  38  3:19  Overlord  
  40  3:31  Zergling x8  
  44  3:57  Lair  
  44  3:58  Drone x3  
  44  3:59  Drone x5  
  44  4:00  Overlord  
  52  4:21  Drone x3  
  52  4:22  Drone x2  
  53  4:49  Baneling x2  
  53  4:50  Baneling  
  53  4:51  Zergling x2  
  53  4:52  Zergling x10  
  59  5:02  Extractor  
  59  5:05  Extractor  
  58  5:07  Zergling x4  
  58  5:10  Extractor  
  58  5:25  Extractor  
  57  5:31  Hatchery  
  55  5:39  Baneling  
  55  5:40  Baneling x2  
  54  5:57  Spore Crawler  
  54  5:58  Spore Crawler, Drone x2  
  54  5:59  Overlord x3  
  54  6:00  Overlord  
  46  6:16  Drone x2  
  46  6:17  Drone x2  
  47  6:20  Spore Crawler, Drone x3  
  47  6:21  Spore Crawler  
  47  6:22  Drone x2  
  50  6:26  Queen  
  52  6:44  Drone x4  
  52  6:45  Drone x4  
  60  6:54  Drone  
  60  6:55  Drone  
  60  6:59  Drone x2  
  64  7:09  Drone  
  65  7:18  Extractor  
  64  7:23  Drone x4  
  64  7:24  Drone x2  
  64  7:25  Extractor, Drone x3  
  64  7:26  Drone, Hatchery  
  72  7:30  Extractor  
  71  7:44  Spire  
  71  7:45  Infestation Pit  
  71  7:50  Hydralisk Den  
  68  7:51  Evolution Chamber  
  68  7:52  Overseer, Evolution Chamber, Pneumatized Carapace  
  68  7:54  Burrow  
  66  8:15  Drone x5  
  66  8:16  Drone x7  
  66  8:17  Drone x2  
  80  8:20  Drone x2  
  80  8:21  Overlord x4  
  82  8:46  Zerg Melee Weapons Level 1, Zerg Ground Armor Level 1  
  82  8:48  Muscular Augments, Overlord  
  82  8:49  Drone  
  82  8:52  Drone  
  82  8:54  Lurker Den, Drone x8  
  82  8:55  Drone  
  92  9:00  Zergling x14  
  92  9:01  Zergling x2  
  100  9:03  Hive  
  100  9:06  Zergling x4  
  100  9:07  Zergling x4  
  100  9:08  Zergling x2  
  105  9:16  Hydralisk x3  
  86  9:32  Drone x2  
  86  9:33  Drone x6  
  91  9:43  Drone x3  
  91  9:44  Drone x4  
  91  9:45  Drone x2  
  99  9:58  Zerg Flyer Weapons Level 1  
  99  9:59  Grooved Spines  
  99  10:10  Queen x2  
  103  10:21  Extractor  
  103  10:22  Drone x3, Hatchery  
  103  10:23  Drone x3, Overlord  
  103  10:24  Extractor, Overlord x5  
  103  10:26  Drone x5  
  111  10:29  Zergling x2  
  111  10:30  Zergling x22  
  123  10:57  Zerg Melee Weapons Level 2, Zerg Ground Armor Level 2  
  123  11:00  Adaptive Talons, Adrenal Glands  
  123  11:04  Ultralisk Cavern  
  123  11:05  Centrifical Hooks  
  123  11:10  Lurker  
  123  11:11  Lurker  
  123  11:12  Lurker  
  123  11:16  Drone x3  
  123  11:17  Drone x6  
  123  11:18  Drone x7  
  139  11:19  Drone  
  142  11:32  Drone x3  
  145  11:33  Drone  
  145  11:37  Corruptor x5  
  156  12:16  Corruptor x12  
  180  12:38  Corruptor  
  178  12:58  Zerg Flyer Weapons Level 2  
  178  13:01  Spire  
  169  13:29  Corruptor x6  
  169  13:32  Zerg Ground Armor Level 3, Zerg Melee Weapons Level 3  
  181  13:41  Overlord x3  
  181  13:42  Overlord x3  
  181  13:43  Chitinous Plating  
  181  13:56  Evolution Chamber  
  180  14:11  Hydralisk x4  
  180  14:12  Hydralisk x6  
  200  14:17  Zerg Flyer Armor Level 1  
  198  14:41  Hydralisk  
  200  15:02  Anabolic Synthesis  
  176  15:34  Baneling x5  
  176  15:35  Baneling x2  
  176  15:39  Corruptor x3  
  176  15:40  Corruptor x3, Hydralisk  
  176  15:41  Hydralisk x5  
  199  16:06  Hatchery  
Show
View Real Time Build Order
Export as new Build Order

Throwfordays Protoss - Winner!

Build Orders: 1 Gate Expand 

Get SALT Encoding   

  12  0:00  Probe  
  13  0:14  Pylon  
  13  0:18  Probe  
  14  0:30  Probe  
  15  0:35  Gateway  
  15  0:42  Probe  
  16  1:12  Nexus  
  16  1:22  Cybernetics Core  
  16  1:26  Assimilator  
  16  1:29  Probe  
  17  1:41  Probe  
  18  1:49  Probe  
  18  1:50  Warp Gate  
  19  1:57  Probe  
  19  1:59  Assimilator  
  20  2:14  Probe  
  21  2:21  Gateway  
  21  2:25  Probe  
  21  2:26  Probe  
  23  2:33  Probe  
  24  2:38  Robotics Facility, Probe  
  24  2:42  Probe  
  25  2:44  Adept  
  28  2:58  Forge  
  28  3:00  Pylon  
  23  3:22  Adept  
  22  3:54  Adept  
  24  4:00  Probe  
  24  4:02  Probe  
  26  4:09  Probe  
  27  4:17  Probe x2  
  27  4:23  Immortal  
  29  4:26  Probe  
  29  4:29  Probe  
  35  4:41  Probe  
  35  4:42  Probe  
  35  4:43  Pylon  
  37  4:53  Probe  
  37  4:56  Probe  
  39  5:00  Adept  
  39  5:01  Immortal  
  39  5:05  Probe  
  42  5:08  Probe  
  47  5:18  Probe  
  47  5:20  Probe  
  49  5:28  Probe  
  49  5:31  Probe  
  49  5:34  Assimilator  
  51  5:36  Probe  
  51  5:38  Assimilator  
  52  5:43  Probe  
  52  5:47  Pylon  
  52  5:49  Pylon  
  53  6:05  Immortal  
  53  6:06  Probe  
  53  6:07  Probe  
  53  6:10  Stalker x2  
  63  6:21  Pylon  
  63  6:24  Protoss Ground Weapons Level 1  
  63  6:26  Pylon  
  63  6:29  Probe  
  64  6:34  Probe  
  64  6:37  Probe  
  64  6:38  Stalker  
  64  6:39  Stalker  
  69  6:46  Probe x2, Immortal  
  75  6:51  Photon Cannon  
  76  6:55  Photon Cannon  
  76  7:04  Photon Cannon  
  76  7:07  Photon Cannon  
  76  7:11  Stalker  
  76  7:12  Stalker  
  80  7:16  Probe  
  80  7:21  Probe  
  82  7:33  Gateway  
  82  7:34  Gateway  
  82  7:38  Gateway  
  82  7:39  Gateway  
  82  7:41  Warp Prism  
  84  7:50  Gateway  
  84  8:00  Gateway  
  84  8:08  Pylon  
  84  8:10  Pylon  
  84  8:16  Nexus  
  84  8:20  Pylon  
  84  8:24  Pylon, Protoss Ground Armor Level 1  
  84  8:32  Twilight Council  
  84  8:38  Immortal  
  88  8:43  Probe x2  
  88  8:46  Assimilator  
  90  8:50  Assimilator  
  90  8:55  Probe  
  90  8:57  Probe  
  92  9:27  Blink  
  92  9:34  Probe  
  94  9:38  Probe  
  94  9:41  Probe  
  94  9:42  Probe  
  95  9:50  Probe x2  
  97  9:53  Probe, Immortal  
  97  9:55  Robotics Facility  
  97  9:58  Robotics Facility  
  103  10:00  Robotics Facility  
  103  10:02  Probe x2  
  103  10:04  Robotics Bay  
  103  10:05  Probe  
  106  10:14  Probe  
  106  10:20  Stalker x3  
  106  10:21  Stalker x5  
  121  11:05  Immortal x3  
  121  11:11  Pylon  
  133  11:13  Pylon  
  133  11:15  Pylon  
  133  11:17  Pylon  
  133  11:19  Nexus  
  133  11:22  Assimilator  
  133  11:24  Pylon  
  133  11:26  Pylon  
  133  11:27  Assimilator, Pylon  
  133  11:29  Immortal  
  137  11:45  Stalker x6  
  137  11:46  Stalker  
  134  12:09  Stalker x2  
  134  12:10  Stalker x4  
  134  12:11  Stalker x2  
  106  12:45  Stalker  
  106  12:46  Stalker x5  
  106  12:47  Stalker x2  
  114  13:03  Probe  
  114  13:05  Probe  
  115  13:12  Probe x2  
  117  13:17  Probe  
  117  13:19  Probe  
  120  13:21  Probe  
  120  13:24  Probe  
  118  13:31  Stalker x6, Probe  
  118  13:32  Stalker x2  
  118  13:34  Probe  
  136  13:38  Protoss Ground Weapons Level 2  
  136  13:46  Forge, Probe  
  137  13:48  Immortal  
  141  14:06  Probe  
  142  14:13  Probe  
  142  14:14  Probe  
  139  14:24  Probe  
  127  14:25  Stalker x5, Probe  
  127  14:26  Stalker x3  
  145  14:36  Probe  
  145  14:37  Probe  
  138  14:48  Probe  
  139  15:10  Stalker x5  
  139  15:11  Stalker x3  
  151  15:40  Stalker x2  
  151  15:41  Stalker  
  157  15:45  Pylon  
  157  15:47  Pylon  
  157  15:49  Pylon  
  157  15:50  Pylon  
  157  15:52  Nexus, Pylon  
  157  15:53  Pylon  
  157  15:55  Pylon  
  137  16:20  Stalker x2  
  137  16:21  Stalker x5  
Show
View Real Time Build Order
Export as new Build Order

Cthulhu Protoss - Winner!

Build Orders:  

Get SALT Encoding   

  12  0:01  Probe  
  13  0:13  Probe  
  14  0:19  Pylon  
  14  0:25  Probe  
  15  0:37  Probe  
  16  0:44  Gateway  
  16  0:49  Assimilator, Probe  
  17  1:08  Forge  
  17  1:14  Probe  
  18  1:27  Probe  
  19  1:36  Cybernetics Core  
  19  1:52  Nexus  
  19  2:00  Assimilator  
  19  2:01  Probe  
  20  2:13  Probe  
  21  2:26  Probe  
  22  2:35  Stargate  
  22  2:47  Stargate  
  22  2:59  Pylon  
  22  3:00  Probe  
  22  3:05  Photon Cannon  
  23  3:10  Stalker  
  25  3:27  Void Ray  
  27  3:52  Photon Cannon  
  27  3:53  Void Ray  
  27  4:07  Probe  
  32  4:10  Probe  
  32  4:13  Protoss Air Weapons Level 1  
  33  4:22  Probe  
  34  4:36  Void Ray  
  34  4:38  Probe x2  
  40  4:52  Probe x2  
  42  4:55  Assimilator  
  42  5:22  Void Ray  
  46  5:49  Void Ray  
  42  5:56  Probe x2  
  44  6:08  Assimilator, Probe  
  44  6:09  Probe  
  46  6:34  Pylon x2, Protoss Shields Level 1  
  46  6:40  Protoss Air Armor Level 1  
  46  6:41  Void Ray  
  46  6:42  Void Ray  
  46  6:52  Probe  
  55  7:06  Probe  
  55  7:07  Probe  
  57  7:14  Photon Cannon  
  57  7:15  Photon Cannon  
  57  7:19  Probe  
  57  7:20  Photon Cannon  
  58  7:23  Photon Cannon  
  58  7:28  Shield Battery  
  58  7:34  Probe x2  
  60  8:16  Pylon x2  
  60  8:22  Warp Gate  
  60  8:30  Robotics Facility  
  60  8:34  Fleet Beacon, Void Ray x2  
  68  8:43  Twilight Council  
  68  9:22  Tempest x2  
  78  9:41  Protoss Shields Level 2  
  78  10:06  Protoss Air Weapons Level 2  
  78  10:09  Pylon  
  78  10:10  Pylon  
  78  10:26  Void Ray x2  
  86  10:33  Nexus  
  86  11:04  Observer  
  87  11:26  Observer  
  88  11:39  Void Ray  
  92  11:45  Pylon  
  91  11:48  Pylon  
  91  11:49  Pylon  
  91  11:53  Void Ray  
  53  12:18  Probe x2  
  51  12:27  Void Ray  
  55  12:36  Dark Shrine  
  55  12:43  Gateway x2  
  55  12:46  Pylon  
  55  12:47  Pylon  
  53  13:04  Carrier x2  
  61  14:02  Dark Templar x3  
  63  14:24  Carrier x2  
  67  15:29  Dark Templar x3  
  67  15:33  Pylon  
  73  15:37  Pylon  
Show
View Real Time Build Order
Export as new Build Order

Next Terran 

Build Orders:  

Get SALT Encoding   

  12  0:01  SCV  
  13  0:14  Supply Depot  
  13  0:20  SCV  
  14  0:27  Refinery  
  14  0:33  SCV  
  15  0:45  SCV  
  16  1:04  Barracks  
  16  1:15  SCV  
  17  1:27  SCV  
  17  1:29  Barracks  
  18  1:39  SCV  
  19  1:45  Supply Depot  
  19  1:51  Reaper, SCV  
  21  2:03  SCV  
  22  2:17  Reaper  
  22  2:21  Orbital Command  
  23  2:23  Reaper  
  23  2:24  Refinery  
  24  2:46  Command Center  
  24  2:49  Reaper  
  25  2:57  Reaper  
  24  3:54  Factory  
  22  4:01  SCV  
  23  4:13  SCV  
  23  4:16  Engineering Bay  
  23  4:25  SCV  
  24  4:37  SCV  
  25  4:43  Starport, Factory Tech Lab  
  25  4:46  Planetary Fortress  
  25  4:49  SCV  
  26  5:02  SCV  
  26  5:21  SCV  
  26  5:23  SCV  
  26  5:26  Siege Tank  
  26  5:28  Starport Reactor  
  31  5:33  SCV  
  33  5:35  SCV  
  33  5:41  Barracks Tech Lab  
  33  5:45  SCV  
  33  5:47  SCV  
  35  5:58  SCV, Barracks Tech Lab  
  35  5:59  SCV  
  37  6:12  SCV  
  37  6:17  Missile Turret  
  37  6:18  Viking x2  
  42  6:19  Marine  
  42  6:24  SCV  
  44  6:28  Refinery  
  44  6:30  Refinery  
  44  6:36  SCV  
  44  6:37  Marine  
  46  6:56  Supply Depot  
  46  7:17  Viking  
  46  7:18  SCV, Siege Tank  
  46  7:19  Supply Depot  
  52  7:30  SCV  
  53  7:40  Viking  
  53  7:42  SCV, Supply Depot  
  56  7:47  Viking  
  61  7:54  SCV  
  61  7:55  Command Center  
  59  8:10  Viking  
  61  8:25  Viking  
  63  8:27  Starport  
  63  8:35  Refinery, SCV  
  63  8:37  SCV  
  63  8:40  Refinery  
  65  8:47  SCV  
  66  8:49  SCV  
  66  8:50  Armory  
  66  8:52  Armory  
  67  8:56  Viking  
  67  8:59  SCV  
  70  9:07  SCV  
  71  9:10  Orbital Command  
  71  9:11  SCV  
  72  9:17  Starport Reactor  
  72  9:19  SCV  
  72  9:20  Starport  
  72  9:23  SCV, Viking  
  76  9:26  Viking  
  79  9:31  SCV  
  79  9:32  Supply Depot  
  79  9:34  Supply Depot  
  79  9:35  SCV  
  80  9:42  SCV  
  80  9:43  SCV  
  82  9:47  SCV  
  82  9:52  Terran Vehicle And Ship Armor Level 1  
  83  9:53  Terran Ship Weapons Level 1  
  83  9:55  SCV  
  83  9:56  Supply Depot  
  84  10:05  Starport Reactor  
  84  10:06  Viking x2, Medivac  
  84  10:07  Viking  
  92  10:19  Supply Depot  
  92  10:29  Command Center  
  92  10:33  Command Center  
  92  10:36  Viking, Medivac x2  
  92  10:37  Viking  
  92  10:41  Supply Depot  
  100  10:48  Medivac  
  100  10:49  Medivac  
  104  11:06  Viking x4  
  112  11:24  Viking x2  
  116  11:36  Medivac x2  
  120  11:42  Orbital Command  
  120  11:46  Terran Vehicle Weapons Level 1  
  118  12:05  Viking x4  
  118  12:06  Viking x2  
  116  12:20  Orbital Command  
  116  12:35  Viking x2, Medivac x2  
  116  12:36  Medivac  
  118  12:43  Viking  
  110  12:53  Refinery  
  110  13:02  Refinery  
  110  13:05  Viking x2, Medivac  
  114  13:15  Medivac  
  114  13:17  Terran Vehicle And Ship Armor Level 2  
  116  13:23  Supply Depot  
  116  13:27  Viking x2  
  116  13:28  Supply Depot  
  120  13:40  Terran Ship Weapons Level 2  
  120  13:43  Viking x3  
  120  13:45  Viking  
  128  13:51  Supply Depot  
  126  14:41  Viking x3  
  126  14:42  Viking x3  
  85  15:07  Thor  
  85  15:11  Viking x3  
  85  15:12  Viking x3  
  85  15:13  SCV  
  103  15:25  SCV  
  104  15:37  SCV  
  104  15:41  Viking x3  
  104  15:42  Viking x3  
  117  15:49  SCV  
  118  16:01  SCV  
  91  16:37  Medivac  
Show
View Real Time Build Order
Export as new Build Order

PAT Protoss 

Build Orders: Blink Stalkers 

Get SALT Encoding   

  12  0:01  Probe  
  13  0:21  Probe  
  14  0:31  Pylon  
  14  0:33  Probe  
  15  0:40  Pylon  
  15  0:44  Assimilator  
  15  0:49  Probe  
  16  0:58  Gateway  
  16  1:01  Probe  
  17  1:13  Probe  
  18  1:25  Probe  
  19  1:37  Probe  
  20  1:46  Cybernetics Core  
  20  1:49  Gateway, Zealot  
  22  2:01  Assimilator, Probe  
  23  2:08  Pylon  
  23  2:09  Probe  
  24  2:16  Zealot  
  24  2:17  Probe  
  27  2:23  Warp Gate  
  27  2:28  Twilight Council, Probe  
  28  2:38  Stalker  
  30  2:46  Stalker  
  32  3:04  Gateway  
  32  3:08  Pylon  
  32  3:11  Probe  
  33  3:13  Pylon  
  33  3:17  Stalker  
  35  3:20  Blink  
  35  3:43  Forge  
  35  3:44  Stalker  
  37  3:51  Stalker  
  39  3:59  Stalker  
  41  4:27  Stalker  
  43  4:36  Stalker  
  43  4:37  Stalker  
  47  4:52  Stalker  
  49  4:59  Protoss Ground Weapons Level 1  
  49  5:08  Photon Cannon  
  49  5:11  Photon Cannon  
  49  5:16  Photon Cannon  
  49  5:18  Pylon  
  49  5:20  Pylon  
  49  5:21  Probe  
  50  5:57  Stalker x3  
  56  6:11  Photon Cannon  
  56  6:15  Photon Cannon  
  56  6:18  Photon Cannon  
  56  6:22  Photon Cannon  
  56  6:45  Nexus  
  56  6:47  Probe  
  57  7:05  Photon Cannon  
  57  7:06  Probe  
  57  7:09  Photon Cannon  
  57  7:14  Probe  
  59  7:23  Probe  
  59  7:27  Protoss Ground Armor Level 1  
  60  7:32  Stalker  
  60  7:35  Probe  
  63  7:47  Probe  
  64  7:52  Pylon  
  64  8:00  Probe  
  65  8:12  Probe  
  66  8:18  Stalker x3  
  66  8:19  Probe  
  72  8:24  Probe  
  74  8:27  Probe  
  74  8:29  Pylon  
  75  8:35  Pylon  
  75  8:36  Probe  
  75  8:37  Probe  
  77  8:43  Pylon  
  77  8:49  Probe  
  77  8:51  Assimilator  
  77  8:55  Assimilator, Stalker x2  
  82  8:57  Stalker  
  82  9:01  Probe  
  85  9:38  Stalker x2  
  85  9:40  Stalker  
  85  9:42  Stargate  
  85  9:44  Stargate  
  91  9:46  Stargate  
  91  9:48  Stargate  
  91  10:04  Pylon  
  91  10:05  Stalker x2  
  91  10:07  Pylon, Stalker  
  97  10:10  Pylon  
  97  10:12  Pylon  
  97  10:13  Protoss Shields Level 1  
  97  10:52  Robotics Facility  
  97  10:56  Stalker x2  
  97  10:57  Stalker  
  97  11:07  Void Ray x2  
  97  11:08  Void Ray  
  109  11:24  Void Ray  
  113  11:28  Stalker x2  
  113  11:32  Stalker  
  119  11:42  Void Ray  
  123  12:10  Void Ray x2  
  83  12:20  Void Ray  
  77  12:35  Observer  
  78  12:55  Void Ray  
  78  12:56  Observer  
  83  12:59  Protoss Air Weapons Level 1  
  83  13:32  Void Ray x2  
  91  14:02  Void Ray x2  
  97  14:22  Void Ray  
  101  14:26  Void Ray  
  105  14:56  Void Ray x2  
  113  15:07  Protoss Air Armor Level 1  
  89  15:32  Void Ray x2  
  77  15:42  Observer  
Show
View Real Time Build Order
Export as new Build Order

rehti Zerg 

Build Orders: Hatch First, Brood Lord Corruptor 

Get SALT Encoding   

  12  0:01  Drone  
  13  0:14  Overlord  
  13  0:18  Drone  
  14  0:34  Drone x2  
  16  0:53  Drone  
  16  0:56  Hatchery  
  16  1:00  Drone  
  16  1:04  Extractor  
  16  1:14  Spawning Pool  
  16  1:18  Drone  
  16  1:21  Drone  
  17  1:28  Drone  
  17  1:30  Drone  
  19  1:41  Drone  
  20  2:02  Queen  
  22  2:10  Queen  
  22  2:12  Drone  
  22  2:13  Metabolic Boost, Drone x2  
  27  2:22  Extractor  
  26  2:25  Drone x2  
  26  2:27  Overlord  
  28  2:50  Drone x4  
  32  2:53  Lair  
  32  3:09  Drone x4  
  36  3:12  Extractor  
  36  3:15  Extractor  
  34  3:38  Drone  
  34  3:39  Drone, Overlord x2  
  36  3:53  Spire  
  35  3:56  Infestation Pit  
  35  4:00  Drone x6  
  40  4:10  Drone x4  
  38  4:43  Spine Crawler  
  38  4:44  Queen  
  39  4:46  Drone x5  
  44  4:55  Hive  
  44  4:58  Drone x6  
  50  5:10  Overlord x3  
  46  5:50  Zergling x10  
  46  5:51  Zergling x4, Hatchery  
  23  6:20  Queen  
  23  6:23  Greater Spire  
  25  6:27  Overlord  
  25  6:28  Drone  
  25  6:29  Drone x3  
  29  6:52  Drone x2  
  31  6:55  Drone  
  31  6:56  Drone x5  
  37  7:29  Drone  
  38  7:30  Drone x5  
  38  7:32  Drone  
  38  7:33  Drone x4  
  48  7:44  Overlord x4  
  48  8:19  Zergling x24  
  60  8:25  Drone  
  60  8:26  Drone  
  62  8:51  Extractor  
  62  8:54  Extractor  
  60  8:58  Queen  
  55  9:25  Corruptor  
  55  9:26  Corruptor x11  
  70  9:40  Drone  
  70  9:43  Overlord  
  70  9:44  Overlord x3  
  70  9:54  Adrenal Glands  
  70  10:31  Corruptor  
  70  10:32  Corruptor x6  
  84  11:00  Brood Lord x7  
  84  11:04  Brood Lord  
  100  11:10  Brood Lord  
  102  11:15  Brood Lord  
  104  11:57  Brood Lord  
  104  11:58  Brood Lord x4  
  82  12:33  Corruptor x3  
  56  13:34  Corruptor  
  56  13:35  Corruptor x8  
  74  15:22  Corruptor  
  74  15:23  Corruptor x11  
  39  16:30  Brood Lord  
  39  16:31  Brood Lord x3  
  45  16:39  Zergling x2  
  46  16:40  Zergling x18  
Tags
 
Add a new tag
Caveats
  • Supply blocks, unpowered buildings, or Contaminate may cause inaccurate times.
  • Supply counts are checked every 10 seconds.